 Dungeon Sprint DCSS version 0.31-a0-1071-gaead2f62b1 (webtiles) character file.

Game seed: 10074331043632063755

1579 rocky1 the Fighter (level 8, -12/106 HPs)
             Began as an Ogre Gladiator on Nov 26, 2023.
             Was an Initiate of Gozag.
             Mangled by a blink frog (18 damage)
             ... in the Dungeon (Sprint VII: "The Pits").
             The game lasted 00:02:45 (1617 turns).

rocky1 the Fighter (Ogre Gladiator)                 Turns: 1617, Time: 00:02:46

Health: -12/106    AC:  3    Str: 21    XL:     8   Next: 91%
Magic:  8/8        EV: 10    Int:  9    God:    Gozag
Gold:   1593       SH:  0    Dex: 10    Spells: 7/7 levels left

rFire   . . .        v - +2 morningstar (heavy)
rCold   . . .        (no shield)
rNeg    . . .        b - +0 robe
rPois   .            c - +0 hat
rElec   .            (no cloak)
rCorr   .            (gloves unavailable)
SInv    .            (boots unavailable)
Will    .....        (no amulet)
Stlth   +            (no ring)
HPRegen 0.37/turn    (no ring)
MPRegen 0.11/turn

%: no teleportation
@: no status effects
A: large, unfitting armour, tough skin 1
a: Renounce Religion, Potion Petition, Call Merchant, Bribe Branch


You were in the Dungeon.
You worshipped Gozag.
Gozag was most pleased with you.
You visited 1 branch You collected 1593 gold pieces.

Inventory:

Hand Weapons
 a - a +0 flail
 p - a +2 mace of protection
 q - a +1 heavy flail
 u - a +1 heavy broad axe
 v - a +2 heavy morningstar (weapon)
Missiles
 d - 3 throwing nets (quivered)
 e - a large rock
 r - 5 poisoned darts
Armour
 b - a +0 robe (worn)
 c - a +0 hat (worn)
Jewellery
 h - a +3 ring of strength
 j - a +3 ring of evasion
Scrolls
 k - a scroll of blinking
 m - 2 scrolls of vulnerability
 n - 5 scrolls of amnesia
 o - a scroll of summoning
Potions
 f - 6 potions of curing
 g - 12 potions of heal wounds
 i - 4 potions of magic
 l - 2 potions of invisibility
 s - a potion of haste
 t - a potion of berserk rage


   Skills:
 + Level 14.7 Fighting
 * Level 14.5 Maces & Flails
 - Level 2.0 Throwing
 - Level 2.6 Dodging


You had 7 spell levels left.
You didn't know any spells.
Your spell library was empty.

Dungeon Overview and Level Annotations

Branches:
Dungeon (1/1)

Altars:
Ashenzari
Cheibriados
Dithmenos
Elyvilon
Fedhas
Gozag
Hepliaklqana
Kikubaaqudgha
Makhleb
Nemelex Xobeh
Okawaru
Qazlal
Ru
Sif Muna
Trog
Uskayaw
Vehumet
Wu Jian
Xom
Yredelemnul
Zin
The Shining One
Jiyva
Lugonu


Innate Abilities, Weirdness & Mutations

You are too large for most types of armour.
You have tough skin. (AC +1)


Message History

Your Fighting skill increases to level 14!
Your Maces & Flails skill increases to level 14!
You hit the blink frog.
The blink frog is lightly wounded.
The blink frog hits you!
You bludgeon the blink frog!!
You kill the blink frog!
The blink frog blinks! x2
You see here 36 gold pieces.
The blink frog blinks!
There is an open door to the Storerooms (Easy), spattered with blood here.
The blink frog blinks!
You see here 36 gold pieces.
The blink frog hits you!! The blink frog hits you!
You closely miss the blink frog. The blink frog hits you!
You are too injured to fight recklessly!
You are too injured to fight recklessly!
You hit the blink frog.
The blink frog is lightly wounded.
The blink frog blinks!
You barely miss the blink frog.
The blink frog is lightly wounded.
The blink frog closely misses you.
You barely miss the blink frog.
The blink frog is lightly wounded.
The blink frog closely misses you. The blink frog barely misses you.
You hit the blink frog.
The blink frog is lightly wounded.
The blink frog hits you!
You miss the blink frog.
The blink frog is lightly wounded.
The blink frog hits you!!
* * * LOW HITPOINT WARNING * * *
The blink frog hits you!
* * * LOW HITPOINT WARNING * * *
You barely miss the blink frog.
The blink frog is lightly wounded.
The blink frog hits you!!
You die...
Your body crumbles into a pile of gold.

############
#_________.#
#_________.#
#_______...###########++
##########'##...........
#..(.')))'.##......#..#.
##########.##...........
#........@F$'$..........
#'#####)#####......#..#.
#.#[[#.....##...........
#.#))#####'#####'#####++
#.#))#.....##.......#
#.#.)#.....##.......#
#.#..###)####.......#
#.##'#.....##...<...#
#.#........##.......#


You could see a blink frog.

Vanquished Creatures
  A komodo dragon (D)
  3 blink frogs (D)
  Grum (D)
  A water moccasin (D)
  3 wolves (D)
  A kobold brigand (D)
  A gnoll sergeant (D)
  A hound (D)
  A jelly (D)
  4 gnolls (D)
  2 river rats (D)
  An orc (D)
  3 ball pythons (D)
  2 quokkas (D)
  2 bats (D)
  A giant cockroach zombie (D)
  A kobold (D)
29 creatures vanquished.

Notes
Turn   | Place    | Note
-------+----------+-------------------------------------------
     0 | D        | rocky1 the Ogre Gladiator began the quest for the Orb.
     0 | D        | Reached XP level 1. HP: 22/22 MP: 1/1
    25 | D        | Found a bloodstained altar of Trog.
    25 | D        | Found a shimmering blue altar of Sif Muna.
    25 | D        | Found a viscous altar of Jiyva.
    25 | D        | Found a hazy altar of Hepliaklqana.
    25 | D        | Found an opulent altar of Gozag.
    26 | D        | Found a glowing golden altar of the Shining One.
    26 | D        | Found a glowing silver altar of Zin.
    26 | D        | Found a basalt altar of Yredelemnul.
    26 | D        | Found a shimmering altar of Xom.
    26 | D        | Found an ornate altar of the Wu Jian Council.
    26 | D        | Found a sacrificial altar of Ru.
    26 | D        | Found a stormy altar of Qazlal.
    26 | D        | Found an iron altar of Okawaru.
    26 | D        | Found a sparkling altar of Nemelex Xobeh.
    26 | D        | Found a burning altar of Makhleb.
    26 | D        | Found a blossoming altar of Fedhas.
    26 | D        | Found a white marble altar of Elyvilon.
    26 | D        | Found a shadowy altar of Dithmenos.
    26 | D        | Found a snail-covered altar of Cheibriados.
    28 | D        | Found a radiant altar of Vehumet.
    28 | D        | Found a corrupted altar of Lugonu.
    29 | D        | Found a hide-covered altar of Uskayaw.
    29 | D        | Found an ancient bone altar of Kikubaaqudgha.
    29 | D        | Found a broken altar of Ashenzari.
    35 | D        | Became a worshipper of Gozag Ym Sagoz the Greedy
   170 | D        | Reached XP level 2. HP: 32/32 MP: 2/2
   316 | D        | Reached skill level 5 in Fighting
   316 | D        | Reached skill level 5 in Maces & Flails
   316 | D        | Reached XP level 3. HP: 42/42 MP: 3/3
   366 | D        | Noticed a water moccasin
   380 | D        | Killed a water moccasin
   381 | D        | Reached XP level 4. HP: 57/57 MP: 4/4
   381 | D        | Reached XP level 5. HP: 63/63 MP: 5/5
   545 | D        | Noticed a kobold brigand
   551 | D        | Killed a kobold brigand
   552 | D        | Reached XP level 6. HP: 73/78 MP: 6/6
   555 | D        | Noticed a komodo dragon
   562 | D        | Killed a komodo dragon
   563 | D        | Reached XP level 7. HP: 86/89 MP: 7/7
  1013 | D        | Noticed Grum
  1013 | D        | Noticed a blink frog
  1013 | D        | Noticed a blink frog
  1013 | D        | Noticed a blink frog
  1013 | D        | Noticed a blink frog
  1027 | D        | Reached XP level 8. HP: 102/102 MP: 8/8
  1032 | D        | Killed a blink frog
  1057 | D        | Killed Grum
  1601 | D        | Killed a blink frog
  1603 | D        | Killed a blink frog
  1617 | D        | Mangled by a blink frog

Illustrated notes

Levels and vault maps discovered:
D:        pitsprint [storerooms_1, entrance_room_1, metal_vault_2, armoury_1,
          mini_pit_1, grid_room_1, main_hall_1, silver_pit, the_coven_3,
          the_vestibule_1, steel_vault_5, golden_pit, hallway_of_sentries,
          crystal_vault_1, iron_vault_2, final_vault]

Skill      XL: |  1  2  3  4  5  6  7  8 |
---------------+-------------------------+-----
Fighting       | 4 5 7 9 11 13 14 | 14.7
Maces & Flails | 4 5 7 9 11 12 14 | 14.5
Throwing       | |  2.0
Dodging        | |  2.6

Action                     |  1- 3 |  4- 6 |  7- 9 || total
---------------------------+-------+-------+-------++-------
  Melee: Flail             |    12 |       |       ||    12
         Mace              |    27 |    19 |    51 ||    97
         Morningstar       |       |       |    12 ||    12
    Use: Potion            |     3 |     1 |     5 ||     9
   Stab: Sleeping          |       |     1 |       ||     1
 Armour: Robe              |    28 |     8 |    47 ||    83
  Dodge: Dodged            |    25 |     5 |    25 ||    55

Table legend: (Time is in decaauts)
 A = Elapsed time spent in this place.
 B = Non-inter-level travel time spent in this place.
 C = Inter-level travel time spent in this place.
 D = Time resting spent in this place.
 E = Time spent auto-exploring this place.
 F = Levels seen in this place.
 G = Mean time per level.
                   A        B        C        D        E       F      G
               +--------+--------+--------+--------+--------+-----+--------+
         Total |   1618 |   1552 |     66 |   1166 |      0 |   1 | 1618.0 |
       Dungeon |   1618 |   1552 |     66 |   1166 |      0 |   1 | 1618.0 |
               +--------+--------+--------+--------+--------+-----+--------+

Top non-repeatable levels by time:
       D: 1618 daAuts
